TOP OF THE 1ST |
Tortolita Drummers batting - Pitching for Calgary Lynx : LHP Miguel López
|
Pitching: LHP Miguel López
|
|
Batting: RHB Lu-fang Koo
|
0-0: Called Strike 0-1: Ground out 1-3 (Groundball, 13S)
|
Batting: RHB Ricardo Pacheco
|
0-0: Called Strike 0-1: DOUBLE (Flyball, 89XD)
|
Batting: RHB Alan Elder
|
0-0: Foul Ball, location: 2F 0-1: Ball Ricardo Pacheco steals 3rd base 1-1: Called Strike 1-2: Ball 2-2: Fly out, F8 (Flyball, 8LD) Runner from 3rd tags up, OUT at HOME
|
Top of the 1st over - 0 runs, 1 hit, 0 errors, 0 left on base; Tortolita 0 - Calgary 0 |
BOTTOM OF THE 1ST |
Calgary Lynx batting - Pitching for Tortolita Drummers : RHP Andy Fallon
|
Pitching: RHP Andy Fallon
|
|
Batting: LHB Johan Kroening
|
0-0: Fly out, F8 (Flyball, 8LS)
|
Batting: SHB Ted Striker
|
0-0: Foul Ball, location: 2F 0-1: Ball 1-1: Swinging Strike 1-2: Strikes out swinging passed ball, reaches first!
|
Batting: LHB Daniel García
|
0-0: Ball 1-0: Called Strike 1-1: Ball 2-1: Called Strike 2-2: Ball 3-2: Ground out 4-3 (Groundball, 34) Ted Striker to second
|
Batting: RHB Gilberto Rodríguez
|
0-0: Fly out, F3 (Popup, 3D)
|
Bottom of the 1st over - 0 runs, 0 hits, 0 errors, 1 left on base; Tortolita 0 - Calgary 0 |
TOP OF THE 2ND |
Tortolita Drummers batting - Pitching for Calgary Lynx : LHP Miguel López
|
Batting: RHB Rich Flannery
|
0-0: Ball 1-0: Ball 2-0: Ball 3-0: Called Strike 3-1: Base on Balls
|
Batting: LHB Glen Allen Mixon
|
0-0: Ball 1-0: Foul Ball, location: 2F 1-1: Swinging Strike 1-2: Ball 2-2: Fly out, F9 (Flyball, 89S)
|
Batting: RHB Vincent Klein
|
0-0: Called Strike 0-1: Ball 1-1: Ball 2-1: Ball 3-1: Base on Balls Rich Flannery to second
|
Batting: RHB Orlando Montoya
|
0-0: SINGLE (Groundball, 56) (infield hit) Rich Flannery to third Vincent Klein to second
|
Batting: LHB Steve Costillo
|
0-0: Called Strike 0-1: Fielders Choice at 2nd, 6-4 (Groundball, 6M) Rich Flannery scores Vincent Klein to third
|
Batting: RHB Iván Chacón
|
0-0: Ball 1-0: Ball 2-0: Foul Ball, location: 2F 2-1: Foul Ball, location: 2F 2-2: Strikes out swinging
|
Top of the 2nd over - 1 run, 1 hit, 0 errors, 2 left on base; Tortolita 1 - Calgary 0 |
BOTTOM OF THE 2ND |
Calgary Lynx batting - Pitching for Tortolita Drummers : RHP Andy Fallon
|
Batting: RHB Miguel Rosales
|
0-0: Ground out U3 (Groundball, 34S)
|
Batting: RHB Yifu Chen
|
0-0: Called Strike 0-1: Foul Ball, location: 2F 0-2: Strikes out looking
|
Batting: RHB Taylor Landis
|
0-0: Ground out 5-3 (Groundball, 56)
|
Bottom of the 2nd over - 0 runs, 0 hits, 0 errors, 0 left on base; Tortolita 1 - Calgary 0 |
TOP OF THE 3RD |
Tortolita Drummers batting - Pitching for Calgary Lynx : LHP Miguel López
|
Batting: RHB Lu-fang Koo
|
0-0: Ball 1-0: Bunt for hit - play at first, batter OUT! 5-3
|
Batting: RHB Ricardo Pacheco
|
0-0: Ground out 6-3 (Groundball, 6)
|
Batting: RHB Alan Elder
|
0-0: Ball 1-0: Called Strike 1-1: Foul Ball, location: 2F 1-2: Ball 2-2: Foul Ball, location: 2F 2-2: Fly out, F9 (Flyball, 9D)
|
Top of the 3rd over - 0 runs, 0 hits, 0 errors, 0 left on base; Tortolita 1 - Calgary 0 |
BOTTOM OF THE 3RD |
Calgary Lynx batting - Pitching for Tortolita Drummers : RHP Andy Fallon
|
Batting: RHB Michael Garrett
|
0-0: Swinging Strike 0-1: Foul Ball, location: 2F 0-2: Ball 1-2: Foul Ball, location: 2F 1-2: Ball 2-2: Foul Ball, location: 2F 2-2: Ball 3-2: Fly out, F7 (Flyball, 78M)
|
Batting: RHB Juan Martínez
|
0-0: Foul Ball, location: 2F 0-1: Ball 1-1: Ground out U3 (Groundball, 3)
|
Batting: LHB Johan Kroening
|
0-0: Ball 1-0: Ground out 6-3 (Groundball, 6)
|
Bottom of the 3rd over - 0 runs, 0 hits, 0 errors, 0 left on base; Tortolita 1 - Calgary 0 |
TOP OF THE 4TH |
Tortolita Drummers batting - Pitching for Calgary Lynx : LHP Miguel López
|
Batting: RHB Rich Flannery
|
0-0: Swinging Strike 0-1: Ball 1-1: Ball 2-1: Foul Ball, location: 2F 2-2: Ball 3-2: Base on Balls
|
Batting: LHB Glen Allen Mixon
|
0-0: Called Strike 0-1: DOUBLE (Line Drive, 8RD) Rich Flannery to third
|
Batting: RHB Vincent Klein
|
0-0: Ball 1-0: Ground out 3-1 (Groundball, 34) Rich Flannery scores Glen Allen Mixon to third
|
Batting: RHB Orlando Montoya
|
0-0: Ball 1-0: Called Strike 1-1: Ball 2-1: 2-RUN HOME RUN (Flyball, 7D), Distance : 397 ft
|
Batting: LHB Steve Costillo
|
0-0: Ball 1-0: Ball 2-0: Called Strike 2-1: Foul Ball, location: 2F 2-2: Strikes out looking
|
Batting: RHB Iván Chacón
|
0-0: Ball 1-0: Ball 2-0: Ball 3-0: Base on Balls
|
Batting: RHB Lu-fang Koo
|
0-0: Ball 1-0: Ball 2-0: SINGLE (Groundball, 6D) Iván Chacón to second
|
Batting: RHB Ricardo Pacheco
|
0-0: Foul Ball, location: 2F 0-1: DOUBLE (Groundball, 3L) Iván Chacón scores Lu-fang Koo to third
|
Batting: RHB Alan Elder
|
0-0: Foul Ball, location: 2F 0-1: Ball 1-1: Foul Ball, location: 2F 1-2: Ball 2-2: Foul Ball, location: 2F 2-2: Ground out 6-3 (Groundball, 6)
|
Top of the 4th over - 4 runs, 4 hits, 0 errors, 2 left on base; Tortolita 5 - Calgary 0 |
BOTTOM OF THE 4TH |
Calgary Lynx batting - Pitching for Tortolita Drummers : RHP Andy Fallon
|
Batting: SHB Ted Striker
|
0-0: Ball 1-0: Ball 2-0: SINGLE (Line Drive, 34D)
|
Batting: LHB Daniel García
|
0-0: Ball 1-0: Ball 2-0: Foul Ball, location: 2F 2-1: Ball 3-1: Fielders Choice at 2nd, 4-6 (Groundball, 4D)
|
Batting: RHB Gilberto Rodríguez
|
0-0: Called Strike 0-1: Foul Ball, location: 2F 0-2: Ball 1-2: Strikes out looking
|
Batting: RHB Miguel Rosales
|
0-0: Swinging Strike 0-1: Ball 1-1: Foul Ball, location: 2F 1-2: Fly out, F7 (Flyball, 78M)
|
Bottom of the 4th over - 0 runs, 1 hit, 0 errors, 1 left on base; Tortolita 5 - Calgary 0 |
TOP OF THE 5TH |
Tortolita Drummers batting - Pitching for Calgary Lynx : LHP Miguel López
|
Batting: RHB Rich Flannery
|
0-0: SOLO HOME RUN (Flyball, 7LD), Distance : 369 ft
|
Batting: LHB Glen Allen Mixon
|
0-0: Ball 1-0: Foul Ball, location: 2F 1-1: SINGLE (Line Drive, 9S)
|
Batting: RHB Vincent Klein
|
0-0: Foul Ball, location: 2F 0-1: Called Strike 0-2: Strikes out swinging
|
Batting: RHB Orlando Montoya
|
0-0: Ball 1-0: Foul Ball, location: 2F 1-1: Foul Ball, location: 2F 1-2: Foul Ball, location: 2F 1-2: Fly out, F6 (Popup, 6MD)
|
Batting: LHB Steve Costillo
|
0-0: Called Strike 0-1: Called Strike 0-2: Ball 1-2: Foul Ball, location: 2F 1-2: Strikes out swinging
|
Top of the 5th over - 1 run, 2 hits, 0 errors, 1 left on base; Tortolita 6 - Calgary 0 |
BOTTOM OF THE 5TH |
Calgary Lynx batting - Pitching for Tortolita Drummers : RHP Andy Fallon
|
Batting: RHB Yifu Chen
|
0-0: Called Strike 0-1: Ball 1-1: Called Strike 1-2: Ball 2-2: Ball 3-2: Strikes out swinging
|
Batting: RHB Taylor Landis
|
0-0: Called Strike 0-1: Ball 1-1: Ball 2-1: Called Strike 2-2: Ball 3-2: SINGLE (Flyball, 9S)
|
Batting: RHB Michael Garrett
|
0-0: Swinging Strike 0-1: Swinging Strike 0-2: Strikes out swinging
|
Batting: RHB Juan Martínez
|
0-0: Swinging Strike 0-1: Ball 1-1: Ball 2-1: Ball 3-1: Base on Balls Taylor Landis to second
|
Batting: LHB Johan Kroening
|
0-0: Called Strike 0-1: Ball 1-1: Ball 2-1: Ball 3-1: Foul Ball, location: 2F 3-2: Foul Ball, location: 2F 3-2: Foul Ball, location: 2F 3-2: SINGLE (Groundball, 4MD) Taylor Landis to third Juan Martínez to second Taylor Landis scores Juan Martínez to third
|
Batting: SHB Ted Striker
|
0-0: Ground out 4-3 (Groundball, 34)
|
Bottom of the 5th over - 1 run, 2 hits, 0 errors, 2 left on base; Tortolita 6 - Calgary 1 |
TOP OF THE 6TH |
Tortolita Drummers batting - Pitching for Calgary Lynx : LHP Miguel López
|
Pitching: RHP Jesús Hernández
|
|
Batting: RHB Iván Chacón
|
0-0: Called Strike 0-1: Ground out 6-3 (Groundball, 6D)
|
Batting: RHB Lu-fang Koo
|
0-0: Ball 1-0: Ball 2-0: Called Strike 2-1: Ball 3-1: Called Strike 3-2: Ground out 5-3 (Groundball, 5L)
|
Batting: RHB Ricardo Pacheco
|
0-0: Ball 1-0: Foul Ball, location: 2F 1-1: Ball 2-1: Ball 3-1: Fly out, F7 (Flyball, 7D)
|
Top of the 6th over - 0 runs, 0 hits, 0 errors, 0 left on base; Tortolita 6 - Calgary 1 |
BOTTOM OF THE 6TH |
Calgary Lynx batting - Pitching for Tortolita Drummers : RHP Andy Fallon
|
Batting: LHB Daniel García
|
0-0: Ground out 4-3 (Groundball, 4)
|
Batting: RHB Gilberto Rodríguez
|
0-0: Ball 1-0: Called Strike 1-1: Ball 2-1: Foul Ball, location: 2F 2-2: Ball 3-2: Ground out 6-3 (Groundball, 6S)
|
Batting: RHB Miguel Rosales
|
0-0: SINGLE (Line Drive, 6M)
|
Batting: RHB Yifu Chen
|
0-0: SINGLE (Groundball, 6D) Miguel Rosales to second
|
Pitching: LHP Paul Díaz
|
|
Batting: RHB Taylor Landis
|
0-0: Fly out, F7 (Line Drive, 78M)
|
Bottom of the 6th over - 0 runs, 2 hits, 0 errors, 2 left on base; Tortolita 6 - Calgary 1 |
TOP OF THE 7TH |
Tortolita Drummers batting - Pitching for Calgary Lynx : RHP Jesús Hernández
|
Batting: RHB Alan Elder
|
0-0: Ball 1-0: Called Strike 1-1: Swinging Strike 1-2: Foul Ball, location: 2F 1-2: Strikes out swinging
|
Batting: RHB Rich Flannery
|
0-0: Ball 1-0: Foul Ball, location: 2F 1-1: Swinging Strike 1-2: Fly out, F3 (Popup, 34)
|
Batting: LHB Glen Allen Mixon
|
0-0: SINGLE (Line Drive, 34)
|
Batting: RHB Vincent Klein
|
0-0: Ball 1-0: SINGLE (Flyball, 7S) Glen Allen Mixon to second
|
Batting: RHB Orlando Montoya
|
0-0: Ball 1-0: Ball 2-0: Ball 3-0: Called Strike 3-1: 3-RUN HOME RUN (Flyball, 7D), Distance : 373 ft
|
Batting: LHB Steve Costillo
|
0-0: Fly out, F3 (Flyball, 3D)
|
Top of the 7th over - 3 runs, 3 hits, 0 errors, 0 left on base; Tortolita 9 - Calgary 1 |
BOTTOM OF THE 7TH |
Calgary Lynx batting - Pitching for Tortolita Drummers : RHP Darius Baxa
|
Pitching: RHP Darius Baxa
|
|
Batting: RHB Michael Garrett
|
0-0: Foul Ball, location: 2F 0-1: Foul Ball, location: 2F 0-2: Foul Ball, location: 2F 0-2: Strikes out swinging
|
Batting: RHB Juan Martínez
|
0-0: Called Strike 0-1: Ball 1-1: DOUBLE (Line Drive, 9LM)
|
Batting: LHB Johan Kroening
|
0-0: Called Strike 0-1: SINGLE (Line Drive, 9S) Juan Martínez to third
|
Batting: SHB Ted Striker
|
0-0: Ball 1-0: SINGLE (Groundball, 6D) Juan Martínez scores Johan Kroening to second
|
Batting: LHB Daniel García
|
0-0: Ball 1-0: Foul Ball, location: 2F 1-1: Ball 2-1: Ball 3-1: Base on Balls Johan Kroening to third Ted Striker to second
|
Batting: RHB Gilberto Rodríguez
|
0-0: Ball 1-0: GRAND SLAM HOME RUN (Flyball, 7LD), Distance : 372 ft
|
Pitching: LHP Ricardo Ruíz
|
|
Batting: RHB Miguel Rosales
|
0-0: Swinging Strike 0-1: Ball 1-1: Ball 2-1: Foul Ball, location: 2F 2-2: Foul Ball, location: 2F 2-2: Foul Ball, location: 2F 2-2: Ground out 5-3 (Groundball, 5L)
|
Batting: RHB Yifu Chen
|
0-0: SINGLE (Line Drive, 3D)
|
Batting: RHB Taylor Landis
|
0-0: Ball 1-0: Fly out, F9 (Flyball, 89D)
|
Bottom of the 7th over - 5 runs, 5 hits, 0 errors, 1 left on base; Tortolita 9 - Calgary 6 |
TOP OF THE 8TH |
Tortolita Drummers batting - Pitching for Calgary Lynx : RHP Jesús Hernández
|
Pitching: RHP Jeff Territt
|
|
Batting: RHB Iván Chacón
|
0-0: Ball 1-0: Fly out, F5 (Line Drive, 56S)
|
Batting: RHB Lu-fang Koo
|
0-0: Ball 1-0: Foul Ball, location: 2F 1-1: Ball 2-1: Foul Ball, location: 2F 2-2: Ball 3-2: Ground out 6-3 (Groundball, 6)
|
Batting: RHB Ricardo Pacheco
|
0-0: Called Strike 0-1: Ball 1-1: Ground out U3 (Groundball, 34)
|
Top of the 8th over - 0 runs, 0 hits, 0 errors, 0 left on base; Tortolita 9 - Calgary 6 |
BOTTOM OF THE 8TH |
Calgary Lynx batting - Pitching for Tortolita Drummers : LHP Ricardo Ruíz
|
Batting: RHB Michael Garrett
|
0-0: Fly out, F8 (Flyball, 8LM)
|
Batting: RHB Juan Martínez
|
0-0: Ball 1-0: Ball 2-0: Called Strike 2-1: SINGLE (Line Drive, 9LM)
|
Batting: LHB Johan Kroening
|
0-0: Called Strike 0-1: Swinging Strike 0-2: Foul Ball, location: 2F 0-2: Strikes out swinging
|
Batting: SHB Ted Striker
|
0-0: Ball 1-0: Foul Ball, location: 2F 1-1: Swinging Strike 1-2: Ball 2-2: Ball 3-2: Strikes out swinging
|
Bottom of the 8th over - 0 runs, 1 hit, 0 errors, 1 left on base; Tortolita 9 - Calgary 6 |
TOP OF THE 9TH |
Tortolita Drummers batting - Pitching for Calgary Lynx : RHP Jeff Territt
|
Batting: RHB Alan Elder
|
0-0: Ground out 5-3 (Groundball, 2L)
|
Batting: RHB Rich Flannery
|
0-0: Ball 1-0: Called Strike 1-1: Ball 2-1: Foul Ball, location: 2F 2-2: Strikes out swinging
|
Batting: LHB Glen Allen Mixon
|
0-0: Called Strike 0-1: Ball 1-1: Swinging Strike 1-2: Ball 2-2: Fly out, F9 (Flyball, 9S)
|
Top of the 9th over - 0 runs, 0 hits, 0 errors, 0 left on base; Tortolita 9 - Calgary 6 |
BOTTOM OF THE 9TH |
Calgary Lynx batting - Pitching for Tortolita Drummers : LHP Ricardo Ruíz
|
Pitching: RHP Kyle Buckman
|
|
Batting: LHB Daniel García
|
0-0: Called Strike 0-1: Called Strike 0-2: Fly out, F8 (Line Drive, 8RM)
|
Batting: RHB Gilberto Rodríguez
|
0-0: Ground out 1-3 (Groundball, 15S)
|
Batting: RHB Miguel Rosales
|
0-0: Called Strike 0-1: Ground out 6-3 (Groundball, 6)
|
Bottom of the 9th over - 0 runs, 0 hits, 0 errors, 0 left on base; Tortolita 9 - Calgary 6 |
|